Map: Submarine LE

Players

Sogeking

  • Race: Terran Terran
  • League: Master
  • Spawn Location: 5:00

boanaan - Winner!

  • Race: Protoss Protoss
  • League: Master
  • Spawn Location: 11:00

VOD

Have the link to the VOD?

Description

Time

  • Played on: Sept. 9, 2020, 4:18 a.m.
  • Length: 17:35
Show
View Real Time Build Order
Export as new Build Order

Sogeking Terran 

Build Orders:  

Get SALT Encoding   

  12  0:00  SCV  
  13  0:12  SCV  
  14  0:17  Supply Depot  
  14  0:24  SCV  
  15  0:38  SCV  
  15  0:40  Barracks  
  16  0:44  Refinery  
  16  0:50  SCV  
  17  1:03  SCV  
  18  1:21  SCV  
  19  1:27  Engineering Bay  
  19  1:29  Marine  
  20  1:33  SCV  
  21  1:46  Marine  
  21  2:04  Marine  
  19  2:11  SCV  
  18  2:22  Marine  
  16  2:24  Factory  
  16  2:38  SCV  
  16  2:45  Marine  
  16  2:50  Supply Depot  
  16  3:01  SCV  
  16  3:03  Marine  
  18  3:15  Factory Tech Lab  
  18  3:16  SCV  
  19  3:24  Marine  
  20  3:28  SCV  
  21  3:37  Siege Tank  
  24  3:47  Orbital Command  
  24  3:53  Marine  
  28  4:10  Siege Tank  
  28  4:14  Marine  
  29  4:27  SCV  
  29  4:29  Engineering Bay  
  30  4:34  Supply Depot  
  30  4:39  SCV  
  31  4:56  Supply Depot, SCV, Marine  
  33  5:00  Missile Turret  
  33  5:08  SCV  
  34  5:14  Marine  
  34  5:20  SCV  
  34  5:32  Marine  
  30  5:56  SCV  
  29  6:03  Marine  
  27  6:08  SCV  
  21  6:21  SCV  
  21  6:24  Marine  
  20  6:31  Cyclone  
  23  6:34  SCV  
  24  6:41  Marine  
  24  6:46  SCV  
  26  6:50  Barracks  
  26  6:51  Supply Depot  
  26  6:58  SCV  
  26  6:59  Marine  
  26  7:16  Cyclone  
  26  7:17  Marine  
  26  7:20  Missile Turret  
  26  7:21  Missile Turret  
  30  7:24  SCV  
  29  7:35  Marine  
  29  7:36  SCV  
  30  7:41  Marine  
  31  7:48  SCV  
  31  7:51  Cyclone  
  35  7:53  Marine  
  36  8:05  Refinery  
  37  8:07  Barracks Tech Lab  
  37  8:16  Marine  
  37  8:26  Marine  
  38  8:27  Stimpack  
  38  8:28  Command Center  
  38  8:31  SCV  
  39  8:36  Marine  
  40  8:43  SCV  
  40  8:44  Marine  
  39  9:13  SCV  
  39  9:15  Marine x2  
  39  9:16  Siege Tank  
  39  9:26  SCV  
  37  9:33  Marine x2  
  37  9:38  SCV  
  37  9:41  Orbital Command, Barracks  
  37  9:51  Marine x2  
  40  9:57  Factory Reactor  
  40  10:00  Terran Infantry Weapons Level 1  
  40  10:01  SCV  
  40  10:07  Starport  
  40  10:08  SCV  
  40  10:09  Marine  
  40  10:11  Marine  
  40  10:13  SCV  
  44  10:20  SCV  
  43  10:25  SCV, Combat Shield  
  43  10:27  Marine  
  42  10:29  Marine  
  42  10:32  Marine  
  42  10:33  SCV  
  43  10:44  Marine  
  43  10:45  SCV  
  43  10:47  Marine  
  43  10:48  Widow Mine  
  43  10:49  SCV  
  49  10:51  Medivac x2  
  49  10:52  Marine  
  55  10:57  SCV  
  55  11:01  SCV  
  55  11:02  Marine  
  57  11:04  Marine  
  57  11:07  Supply Depot  
  57  11:09  SCV  
  57  11:10  Marine  
  60  11:20  Marine  
  60  11:22  Marine  
  62  11:29  Medivac, Marine, SCV x2  
  62  11:30  Supply Depot  
  67  11:41  SCV x2  
  69  11:48  Widow Mine  
  69  11:53  SCV x2  
  67  12:05  SCV  
  67  12:06  Marine x2  
  69  12:15  Marine  
  67  12:16  SCV  
  67  12:20  Command Center  
  67  12:23  Barracks  
  67  12:24  Marine  
  67  12:26  Marine  
  67  12:27  Medivac, Barracks  
  67  12:29  SCV  
  72  12:32  Widow Mine  
  72  12:33  Marine  
  72  12:36  SCV  
  76  12:38  Terran Infantry Armor Level 1  
  76  12:42  Marine  
  76  12:43  Missile Turret  
  76  12:44  Marine  
  78  12:46  SCV  
  78  12:51  Marine  
  80  12:52  Supply Depot  
  76  12:59  Marine  
  76  13:03  Marine  
  73  13:10  Marine  
  73  13:11  Marine  
  67  13:18  Marine x2  
  65  13:20  Widow Mine  
  65  13:21  Marine  
  62  13:28  Marine x2  
  64  13:39  Marine  
  64  13:41  Refinery x2, Orbital Command  
  67  13:42  Barracks Reactor  
  67  13:47  Barracks Reactor  
  66  13:50  Medivac x2  
  66  13:51  Barracks Reactor, Widow Mine  
  66  13:54  Marauder, Concussive Shells  
  66  13:55  SCV  
  74  14:00  Marine x2  
  74  14:12  Widow Mine  
  71  14:15  Marine  
  71  14:18  Marine x2  
Show
View Real Time Build Order
Export as new Build Order

boanaan Protoss - Winner!

Build Orders: Carriers 

Get SALT Encoding   

  12  0:00  Probe  
  13  0:12  Probe  
  14  0:17  Pylon  
  14  0:24  Probe  
  15  0:37  Probe  
  15  0:38  Forge  
  16  0:49  Probe  
  17  0:51  Pylon  
  17  1:01  Probe  
  18  1:14  Gateway  
  18  1:16  Pylon  
  18  1:18  Probe  
  18  1:28  Photon Cannon  
  18  1:39  Pylon  
  17  2:00  Pylon  
  17  2:03  Zealot (Chrono Boost)  
  19  2:09  Probe (Chrono Boost)  
  19  2:14  Assimilator  
  19  2:20  Probe (Chrono Boost)  
  19  2:22  Zealot (Chrono Boost)  
  20  2:24  Assimilator  
  22  2:30  Cybernetics Core  
  22  2:43  Probe  
  21  2:46  Zealot (Chrono Boost)  
  21  2:50  Photon Cannon  
  23  3:00  Probe  
  23  3:01  Pylon  
  24  3:09  Assimilator  
  24  3:12  Probe  
  25  3:17  Zealot (Chrono Boost)  
  27  3:21  Photon Cannon  
  27  3:24  Shield Battery  
  27  3:26  Pylon  
  27  3:31  Probe  
  28  3:43  Probe  
  29  3:55  Probe  
  30  3:58  Shield Battery  
  30  4:01  Stargate  
  30  4:06  Photon Cannon  
  30  4:25  Shield Battery  
  30  4:29  Shield Battery  
  30  4:36  Void Ray (Chrono Boost)  
  32  5:03  Fleet Beacon  
  32  5:04  Probe  
  31  5:15  Photon Cannon  
  31  5:17  Shield Battery  
  29  5:33  Shield Battery  
  29  5:36  Pylon  
  32  6:30  Pylon  
  32  6:31  Pylon  
  32  6:43  Pylon  
  32  6:48  Tempest (Chrono Boost)  
  32  6:49  Probe  
  33  6:54  Nexus  
  33  7:01  Probe  
  34  7:13  Probe  
  34  7:18  Pylon  
  34  7:25  Probe  
  35  7:39  Stargate  
  35  7:41  Stargate  
  35  7:45  Probe  
  35  7:47  Robotics Facility  
  36  7:58  Probe  
  37  8:03  Shield Battery  
  37  8:04  Shield Battery  
  37  8:05  Photon Cannon  
  37  8:10  Probe  
  37  8:12  Probe  
  39  8:19  Pylon  
  39  8:22  Probe  
  40  8:40  Tempest  
  45  8:47  Tempest  
  46  9:16  Protoss Air Weapons Level 1  
  44  9:18  Probe x2  
  45  9:30  Probe x2  
  46  9:41  Pylon  
  46  9:42  Probe x2  
  47  9:48  Tempest (Chrono Boost)  
  52  9:54  Assimilator, Probe x2  
  52  9:58  Tempest (Chrono Boost)  
  52  9:59  Assimilator  
  54  10:06  Probe x2  
  61  10:09  Pylon  
  61  10:18  Probe  
  61  10:19  Probe  
  63  10:30  Probe  
  63  10:31  Probe  
  65  10:36  Tempest x2  
  65  10:42  Probe  
  76  10:48  Robotics Bay  
  76  10:50  Protoss Ground Weapons Level 1  
  76  10:53  Probe  
  76  10:54  Probe  
  78  10:59  Photon Cannon  
  78  11:14  Nexus  
  78  11:21  Pylon  
  78  11:22  Probe  
  78  11:32  Pylon  
  78  11:36  Colossus (Chrono Boost)  
  78  11:39  Probe  
  85  11:41  Extended Thermal Lance  
  85  11:47  Pylon  
  80  12:12  Tempest (Chrono Boost)  
  85  12:27  Carrier (Chrono Boost)  
  85  12:29  Colossus (Chrono Boost)  
  97  12:39  Photon Cannon  
  97  12:40  Photon Cannon  
  97  12:42  Shield Battery  
  97  12:43  Shield Battery  
  97  12:47  Probe x3  
  99  13:05  Probe x3  
  95  13:17  Probe x3, Colossus (Chrono Boost)  
  96  13:29  Probe  
  96  13:30  Probe x2  
  99  13:39  Pylon x2  
  99  13:41  Probe  
  99  13:42  Probe  
  101  13:55  Pylon  
  101  13:56  Pylon  
  101  13:57  Probe x3, Carrier  
  110  14:09  Probe x3  
  113  14:18  Colossus  
  113  14:20  Carrier  
  113  14:21  Probe  
  113  14:24  Probe x2  
  113  14:29  Assimilator  
  113  14:34  Assimilator, Probe  
  113  14:36  Probe  
  113  14:49  Nexus  
  113  14:50  Pylon  
  113  14:53  Pylon  
  113  14:55  Pylon  
  113  15:07  Pylon x2  
  113  15:08  Carrier, Pylon  
  113  15:09  Pylon  
  113  15:22  Photon Cannon x2  
  113  15:24  Carrier, Photon Cannon  
  113  15:25  Photon Cannon  
  113  15:42  Shield Battery  
  113  15:44  Shield Battery  
  113  15:45  Shield Battery  
  113  16:21  Colossus  
  113  16:23  Carrier  
  113  16:28  Carrier  
  113  16:37  Twilight Council  
  113  16:40  Probe x2, Stargate  
  113  16:41  Probe x2  
  113  16:46  Assimilator  
  113  16:50  Assimilator  
  113  16:54  Photon Cannon  
  113  16:57  Photon Cannon  
  113  16:59  Photon Cannon  
  113  17:01  Photon Cannon  
  113  17:02  Shield Battery  
  113  17:04  Shield Battery  
  113  17:07  Shield Battery  
Tags
 
Composition
Carriers
Matchup
PvT
Spawn Locations
Cross Positions
Add a new tag
Caveats
  • Supply blocks, unpowered buildings, or Contaminate may cause inaccurate times.
  • Supply counts are checked every 10 seconds.